 Dungeon Crawl Stone Soup version 0.14.1-1-g650416f (webtiles) character file.

1836 Indrah22 the Poker (level 8, 0/53 (58) HPs)
             Began as a Merfolk Earth Elementalist on May 3, 2014.
             Was a Follower of Ashenzari.
             Succumbed to an orc wizard's poison
             ... on Level 5 of the Dungeon.
             The game lasted 01:04:32 (9491 turns).

Indrah22 the Poker (Merfolk Earth Elementalist)     Turns: 9491, Time: 01:04:32

HP   0/53 (58)   AC  3     Str 13      XL: 8   Next: 95%
MP  14/14        EV 15     Int 17      God: Ashenzari [*.....]
Gold 229         SH  0     Dex 14      Spells:  4 memorised,  3 levels left

rFire  . . .     SeeInvis .     q - +1,+0 trident
rCold  . . .     Clarity  .     j - +0 robe
rNeg   . . .     Conserve .     (no shield)
rPois  .         rCorr    .     (no helmet)
rElec  .         rRot     .     (no cloak)
SustAb . .       Spirit   .     v - +0 pair of gloves
rMut   +         Warding  .     (no boots)
Saprov . . .     Stasis   .     c - amulet of resist mutation
MR     .....                    (no ring)
                                (no ring)

@: mighty, lethally poisoned, very slightly contaminated, not resistant to
hostile enchantments, stealthy
A: change form in water, swift swim
a: Renounce Religion


You were on level 5 of the Dungeon.
You worshipped Ashenzari.
Ashenzari was aware of your devotion.
You were not hungry.

You visited 1 branch of the dungeon, and saw 6 of its levels.
You also visited: Sewer.

You collected 283 gold pieces.
You spent 54 gold pieces at shops.

Inventory:

Hand weapons
 d - a +0,+0 bow
 e - a +2,+2 sling of flame
 n - a +2,+2 vampiric dagger
 q - a +1,+0 trident (weapon)
 x - a cursed -2,-3 sling
 I - a +2 blowgun
Missiles
 a - 90 stones
 b - a throwing net
 f - 17 bolts of penetration
 h - 32 darts (quivered)
 y - 6 arrows of dispersal
 C - 5 arrows of flame
 F - 37 poisoned needles
 H - 17 arrows
Armour
 j - a +0 robe (worn)
 v - a +0 pair of gloves (worn)
 A - a +1 large shield
Magical devices
 r - a wand of lightning (0)
 t - a wand of enslavement (9)
Comestibles
 m - 15 grapes
 p - 3 bread rations
 u - a meat ration
Scrolls
 g - 2 scrolls of remove curse
 k - a scroll of amnesia
 s - a scroll of recharging {unknown}
 w - a scroll of immolation {unknown}
 E - 2 scrolls of teleportation
 J - 3 scrolls of magic mapping
Jewellery
 c - an amulet of resist mutation (around neck)
Potions
 l - a potion of agility
 o - 3 potions of magic
 G - 2 potions of restore abilities
 N - a potion of flight {unknown}
Books
 D - a book of Geomancy

   Spells                             Type                      Level
   *Sandblast                         Earth                        1
   *Stoneskin                         Transmutation/Earth          2
   *Passwall                          Transmutation/Earth          3
   *Stone Arrow                       Conjuration/Earth            3
   Petrify                            Transmutation/Earth          4
   Lee's Rapid Deconstruction         Earth                        5
Magical staves
 B - an uncursed staff of summoning


   Skills:
 + Level 3.5 Fighting
 - Level 1.6 Short Blades
 * Level 7.0 Polearms
 + Level 1.3 Bows
 - Level 1.2 Throwing
 + Level 5.8 Dodging
 + Level 4.8 Stealth
 - Level 2.6 Spellcasting
 + Level 4.8 Transmutations
 * Level 4.8 Earth Magic


You had 3 spell levels left.
You knew the following spells:

 Your Spells              Type           Power        Failure   Level  Hunger
a - Sandblast             Erth           ###...       2%          1    #......
b - Stoneskin             Trmt/Erth      ###.......   3%          2    ##.....
c - Stone Arrow           Conj/Erth      ##....       21%         3    ###....
d - Passwall              Trmt/Erth      ###.......   10%         3    ###....


Dungeon Overview and Level Annotations

Branches:
Dungeon (6/15)
 Temple: D:4-7

Altars:
Ashenzari
Nemelex Xobeh
The Shining One

Shops:
D:6 [


Message History

You feel sick. The puff of flame hits you!
* * * LOW HITPOINT WARNING * * *
You climb upwards.
* * * LOW HITPOINT WARNING * * *
You feel sick. The necrophage closely misses you.
There is a stone staircase leading down here.
* * * LOW HITPOINT WARNING * * *
You feel sick.
* * * LOW HITPOINT WARNING * * *
You feel sick.
* * * LOW HITPOINT WARNING * * *
You feel sick.
* * * LOW HITPOINT WARNING * * *
You feel sick.
* * * LOW HITPOINT WARNING * * *
You feel sick.
Drink which item? (? for menu, Esc to quit)
You feel very mighty all of a sudden.
It was a potion of might.
You die...

#....## ##.########
#######.##.# #......!.#
...........## ##.######.#
#######.##..###.#...# #.# ###
#.#......##.#.###.## #..
###.#....)[...#.>....######.#
#...#.>.....#####...........#
#.###.##.#....#......########
#)# #......n@.#.###.####.####
#)# #..#>#.##...##..<........
#)###..#....######.....#.####
#....).#.....................
#
#..###.##...######.......####
# #..# #.###..........##.###
# # #..#
#.###########..#...##### #
#..# #......# #...........
#####..# ######.#
##.#...#####


You could see a necrophage.

Vanquished Creatures
  The ghost of kryft the Cudgeler, an average FoFi (D:4)
  Eustachio (D:6)
  A sky beast (D:3)
  A phantom (D:5)
  2 centaurs (D:5)
  2 big kobolds (Sewer)
  A giant frog (D:6)
  Blork the orc (D:5)
  2 crimson imps
  5 orc wizards
  An iguana (D:5)
  A worker ant (D:5)
  A sky beast zombie (D:6)
  10 adders
  4 gnolls (D:5)
  A green rat (Sewer)
  A giant mite (D:4)
  2 worms
  A giant eyeball (D:4)
  6 giant geckos
  An ooze (D:2)
  19 orcs
  16 bats
  A bat skeleton (D:4)
  5 giant cockroaches
  9 hobgoblins
  3 jackals (D:5)
  16 kobolds
  3 quokkas
  A ball python (D:1)
  11 giant newts
  16 goblins
  An orc zombie (D:6)
  12 rats
159 creatures vanquished.

Vanquished Creatures (collateral kills)
  An ogre (D:6)
  A rat (D:6)
2 creatures vanquished.

Grand Total: 161 creatures vanquished

Notes
Turn   | Place    | Note
--------------------------------------------------------------
     0 | D:1      | Indrah22, the Merfolk Earth Elementalist, began the quest for the Orb.
     0 | D:1      | Reached XP level 1. HP: 13/13 MP: 3/3
   504 | D:1      | Reached XP level 2. HP: 19/19 MP: 2/4
   508 | D:1      | Learned a level 2 spell: Stoneskin
  1002 | D:1      | Reached XP level 3. HP: 11/24 MP: 6/6
  1220 | D:1      | Reached skill level 1 in Throwing
  1438 | D:1      | Reached skill level 1 in Short Blades
  1994 | D:2      | Reached skill level 3 in Dodging
  2043 | D:2      | Reached XP level 4. HP: 31/31 MP: 2/8
  2526 | D:2      | Reached skill level 1 in Fighting
  3143 | D:3      | Reached XP level 5. HP: 37/37 MP: 9/9
  3176 | D:3      | Learned a level 3 spell: Stone Arrow
  3222 | D:3      | Reached skill level 1 in Polearms
  3242 | D:3      | Noticed a sky beast
  3275 | D:3      | Killed a sky beast
  3275 | D:3      | Reached skill level 4 in Dodging
  3557 | D:3      | Reached XP level 6. HP: 35/44 MP: 6/11
  3642 | D:3      | Learned a level 3 spell: Passwall
  4271 | D:4      | Noticed kryft's ghost (average FoFi)
  4634 | D:4      | Killed kryft's ghost
  4634 | D:4      | Reached XP level 7. HP: 24/51 MP: 13/13
  5240 | D:5      | Entered Level 5 of the Dungeon
  5710 | D:5      | Reached skill level 5 in Dodging
  5715 | D:5      | Reached skill level 5 in Polearms
  6117 | D:5      | Found a sparkling altar of Nemelex Xobeh.
  6117 | D:5      | Found a shattered altar of Ashenzari.
  6118 | D:5      | Found a glowing golden altar of the Shining One.
  6312 | D:5      | Became a worshipper of Ashenzari the Shackled
  6363 | D:5      | Reached XP level 8. HP: 57/57 MP: 14/14
  7044 | D:5      | Noticed Blork the orc
  7057 | D:5      | Killed Blork the orc
  7359 | D:5      | Reached skill level 6 in Polearms
  8069 | D:6      | Found a glowing drain.
  8073 | Sewer    | Entered a sewer
  8175 | Sewer    | Reached skill level 1 in Bows
  8578 | D:6      | Found Phun's Armour Boutique.
  8585 | D:6      | Bought a +0 pair of gloves for 54 gold pieces
  8669 | D:6      | Noticed Eustachio
  8687 | D:6      | Killed Eustachio
  8900 | D:6      | Reached skill level 7 in Polearms
  9488 | D:5      | HP: 2/53 [poisoned by an orc wizard]
  9491 | D:5      | Succumbed to an orc wizard's poison

Action                   |  1- 3 |  4- 6 |  7- 9 || total
-------------------------+-------+-------+-------++-------
Melee: Unarmed           |     6 |       |       ||     6
       Short sword       |    79 |     6 |       ||    85
       Spear             |       |    67 |       ||    67
       Trident           |       |    46 |   296 ||   342
 Fire: Bow               |       |       |    56 ||    56
Throw: Dart              |    26 |    44 |    26 ||    96
 Cast: Sandblast         |    23 |    25 |    51 ||    99
       Stoneskin         |     1 |     5 |    19 ||    25
       Passwall          |       |     2 |       ||     2
Evoke: Wand              |       |     3 |     9 ||    12
  Use: Scroll            |     1 |     4 |     8 ||    13
       Potion            |       |     3 |     7 ||    10
 Stab: Sleeping          |       |     2 |     3 ||     5
       Distracted        |       |     1 |     2 ||     3
